Arrhythmia, neutral female human Tourist -------- ------- |......|##################.....{| ##........# |.....| # ------.- #....%.| ----------- ### # %-.----- ##|....[>...| # # ### # ------- # |.........| ### # # # |.....+###### |.........| # #%# ### # |...<.| #####...........####################0###########0#### # |......#####0#--------+--% ### ### -.-.--- ------- 0############################################# |.....| ############% ## ### |.....| ---.-------.-- # #-.[`..| |...(..}S@S..|##########------- |>....}.SSS..| # |......}.}....## -------------- Arrhythmia the Excursionist Experience level: 7 Strength: 14 Dexterity: 14 Constitution: 16 Intelligence: 12 Wisdom: 8 Charisma: 13 Health: 0(62) Energy: 32(32) AC: 5 Gold: 847 Moves: 3034 Your Inventory: Coins $ - 847 gold pieces Weapons a - 12 uncursed +2 darts (in quiver) s - an [uncursed +2] dagger x - 2 [uncursed +0] runed daggers [elven] (wielded) A - an uncursed corroded +2 dart J - an [uncursed +0] broadsword P - 8 [uncursed +0] darts Armor k - an uncursed +0 Hawaiian shirt (being worn) t - an [uncursed] +0 elven mithril-coat (being worn) u - a cursed -2 hooded cloak [dwarvish] (being worn) C - an [uncursed +0] hooded cloak [dwarvish] D - an [uncursed] +0 pair of hard shoes [iron] (being worn) Q - an [uncursed +0] mummy wrapping Comestibles b - 2 uncursed [stale] eggs d - 5 uncursed food rations f - an uncursed cram ration h - an uncursed tripe ration Scrolls j - 5 uncursed scrolls of magic mapping Potions i - 2 blessed potions of extra healing o - an [uncursed] milky potion [of levitation] L - a [cursed] potion of extra healing Rings q - a [cursed] citrine ring [of slow digestion] r - an [uncursed] glass ring [of fire resistance] Wands n - an [uncursed] wand of lightning [0:7] H - an [uncursed] maple wand [of light (0:12)] Tools l - an uncursed expensive camera (0:66) m - an uncursed credit card w - an [uncursed] key [skeleton key] I - an [uncursed] looking glass [mirror] Gems y - an [uncursed] white gem [worthless glass] z - an [uncursed] black gem [worthless glass] B - 2 [uncursed] red gems [worthless glass] F - 3 [uncursed] green gems [worthless glass] M - an [uncursed] blue gem [worthless glass] O - an [uncursed] yellow gem [chrysoberyl] Spells known in the end: Name Level Category Fail Memory Your skills at the end: Fighting Skills Weapon Skills dart [Basic / Expert] Spellcasting Skills Final Attributes: You were piously aligned. Hunger level was 219. Your alignment was 25 / 25. Monster difficulty range was 0 - 5. Level difficulty was 3. Your luck was zero. You are dead. Vanquished creatures: 2 water moccasins an imp a mountain nymph 2 rock moles 2 fog clouds 2 gnome lords a kobold mummy 2 giant ants 2 floating eyes a dwarf a homunculus a kobold lord 3 rothes a centipede 2 dwarf zombies a werejackal an iguana an acid blob 3 hobbits 2 manes a green mold 9 gnomes a garter snake 3 geckos a kobold 4 sewer rats 5 grid bugs a bat 2 lichens 6 newts 65 creatures vanquished. Voluntary challenges: You were an atheist. You used a wielded weapon 30 times. You read items or engraved 284 times. You put on armor 4 times. You never genocided any monsters. You never polymorphed an object. You never changed form. You used no wishes. You wrote Elbereth's name 56 times. You never encountered a bones level. You never used any Sokoban shortcuts. Dungeon overview: The Dungeons of Doom: levels 1 to 4 Level 1 a fountain a long staircase Level 2 a fountain Level 3 <- You were here some fountains stairs to The Gnomish Mines Level 4 a general store The Gnomish Mines: Level 4 stairs to The Dungeons of Doom History has recorded: On T:1 you entered the Dungeons of Doom to retrieve the Amulet of Yendor! On T:476 you reached level 2 of The Dungeons of Doom. On T:794 you advanced to experience level 2. On T:962 you advanced to experience level 3. On T:966 you reached level 3 of The Dungeons of Doom. On T:1514 you reached level 4 of The Dungeons of Doom. On T:1659 you advanced to experience level 4. On T:1905 you advanced to experience level 5. On T:2166 you advanced to experience level 6. On T:2483 you reached level 1 of The Gnomish Mines. On T:2872 you advanced to experience level 7. Latest messages: a - an uncursed +2 dart (in quiver). You see here a werejackal corpse. Something is written here in the dust. You read: "ElberethElberethElberethElberethElberethElberethElbereth Your hooded cloak gets wet. Water gushes forth from the overflowing fountain! Your hooded cloak gets wet. Your hooded cloak gets wet. An endless stream of snakes pours forth! Wait! There's a water moccasin hiding under a werejackal corpse! The water moccasin bites! (5x) [HP-21=12] The dart misses the water moccasin. The water moccasin bites! (2x) The water moccasin misses. The water moccasin bites! You die... Final status: Aloha Arrhythmia the Tourist... You died in The Dungeons of Doom on dungeon level 3 with 2802 points, and 847 pieces of gold, after 3034 moves. You were level 7 with a maximum of 62 hit points when you died.